 Dungeon Crawl Stone Soup version 0.28-a0-628-g3c9886e45e (webtiles) character file.

Game seed: 76028445153138893

5728 frimble the Covert (level 10, 0/66 HPs)
             Began as an Octopode Venom Mage on Oct 8, 2021.
             Slain by a troll (14 damage)
             ... on level 9 of the Dungeon.
             The game lasted 00:13:56 (10941 turns).

frimble the Covert (Octopode Venom Mage)           Turns: 10941, Time: 00:13:57

Health: 0/66       AC:  1    Str:  7    XL:     10   Next: 77%
Magic:  11/16      EV: 13    Int: 21    God:
Gold:   1238       SH:  8    Dex: 13    Spells: 12/17 levels left

rFire   . . .      SeeInvis .   a - +3 dagger (venom)
rCold   . . .      Faith    .   l - +3 buckler
rNeg    + . .      Spirit   .   (helmet restricted)
rPois   +          Reflect  .   t - amulet of the acrobat
rElec   .          Harm     .   i - ring of poison resistance
rCorr   .          Rampage  .   x - ring of positive energy
Will    .....                   (no ring)
Stlth   +++++.....              (no ring)
HPRegen 0.21/turn               (no ring)
MPRegen 0.15/turn               (no ring)
                                (no ring)
                                (no ring)

@: no status effects
A: almost no armour, amphibious, 8 rings, camouflage 1, gelatinous body 1,
(nimble swimmer 1), tentacles
a: no special abilities


You were on level 9 of the Dungeon.
You visited 1 branch of the dungeon, and saw 9 of its levels.

You collected 1509 gold pieces.
You spent 271 gold pieces at shops.

Inventory:

Hand Weapons
 a - a +3 dagger of venom (weapon)
 o - a +1 falchion of holy wrath
Missiles
 d - 3 javelins
 y - a throwing net
Armour
 l - a +3 buckler (worn)
Jewellery
 i - a ring of poison resistance (left tentacle)
 t - an amulet of the acrobat (around mantle)
 x - a ring of positive energy (right tentacle)
Wands
 f - a wand of flame (8)
 m - a wand of paralysis (5)
 z - a wand of iceblast (11)
 C - a wand of polymorph (10)
Scrolls
 e - 3 scrolls of enchant weapon
 r - a scroll of fear
 v - a scroll of fog
 w - a scroll of magic mapping
 A - 2 scrolls of identify
 B - a scroll of teleportation
 E - 2 scrolls of blinking {unknown}
 F - a scroll of immolation
Potions
 b - a potion of flight
 c - 2 potions of mutation
 g - 2 potions of brilliance
 h - 5 potions of curing
 j - a potion of lignification
 k - a potion of haste
 n - a potion of attraction
 p - a potion of invisibility
 q - a potion of might {unknown}
 s - a potion of berserk rage {unknown}
 u - a potion of resistance {unknown}
 D - a potion of heal wounds {unknown}


   Skills:
 - Level 5.0 Fighting
 + Level 5.1(6.6) Short Blades
 + Level 6.4(7.3) Long Blades
 - Level 2.0 Dodging
 + Level 9.2 Stealth
 - Level 4.0 Shields
 - Level 4.0 Spellcasting
 - Level 1.0 Transmutations
 - Level 9.0 Poison Magic
 - Level 6.2 Evocations


You had 12 spell levels left.
You knew the following spells:

 Your Spells              Type           Power      Damage    Failure   Level
a - Sting                 Tmut/Pois      100%       1d8       1%          1
b - Olgreb's Toxic Radia  Pois           42%        N/A       3%          4

Your spell library contained the following spells:

 Spells                   Type           Power      Damage    Failure   Level
 Poisonous Vapours        Pois/Air       46%        N/A       2%          2
 Mephitic Cloud           Conj/Pois/Air  16%        N/A       11%         3
 Corpse Rot               Necr/Air       N/A        N/A       19%         2
 Sublimation of Blood     Necr           2%         N/A       19%         2
 Petrify                  Tmut/Erth      6%         N/A       67%         4
 Airstrike                Air            2%         N/A       75%         4
 Dispel Undead            Necr           4%         3d7       75%         4
 Summon Lightning Spire   Summ/Air       4%         N/A       75%         4
 Blade Hands              Tmut           4%         N/A       91%         5
 Irradiate                Conj/Tmut      3%         3d14      95%         5
 Lightning Bolt           Conj/Air       2%         1d13      97%         5
 Death Channel            Necr           2%         N/A       100%        6
 Dragon Form              Tmut           4%         N/A       100%        7


Dungeon Overview and Level Annotations

Branches:
Dungeon (9/15)             Temple (0/1) D:5            Lair (0/6) D:8
    Orc: D:9-12

Altars:
Elyvilon
Gozag
Qazlal
Yredelemnul

Shops:
D:1 *   D:3 [   D:5 [   D:8 *

Annotations:
D:3 3 runed translucent doors, ytrimaz's ghost, amateur HOFi
D:9 exclusion: vampire


Innate Abilities, Weirdness & Mutations

You cannot wear most types of armour.
You are amphibious.
You can wear up to eight rings at the same time.
Your skin changes colour to match your surroundings (Stealth+).
Your rubbery body absorbs attacks. (AC +1, EV +1)
((You are camouflaged near water. (Stealth+)))
You have tentacles for arms and can constrict up to eight enemies at once.


Message History

A troll is nearby!
A troll is nearby!
A troll is nearby!
Casting: Olgreb's Toxic Radiance (dangerous; 3% risk of failure)
Confirm with . or Enter, or press ? or * to list all spells.
You begin to radiate toxic energy.
The troll is poisoned.
Your toxic aura wanes.
Casting: Olgreb's Toxic Radiance (dangerous; 3% risk of failure)
Confirm with . or Enter, or press ? or * to list all spells.
Aiming: Sting (safe; 1% risk of failure)
Press: ? - help, Shift-Dir - straight line, f - troll
Aim: a troll (moderately wounded, poisoned, 78% to hit)
The sting hits the troll but does no damage.
The troll looks even sicker.
The troll is moderately wounded.
Casting: Sting (safe; 1% risk of failure)
Confirm with . or Enter, or press ? or * to list all spells.
Aiming: Sting (safe; 1% risk of failure)
Press: ? - help, Shift-Dir - straight line, f/p - troll
Aim: a troll (moderately wounded, very poisoned, 78% to hit)
The sting hits the troll.
The troll looks even sicker.
The troll is moderately wounded.
You hit the troll but do no damage.
The troll looks as sick as possible!
The troll is moderately wounded.
You block the troll's attack. The troll claws you!
You block the troll's attack.
You hit the troll.
The troll is moderately wounded.
The troll bites you. The troll misses you. The troll closely misses you.
You hit the troll but do no damage.
The troll looks as sick as possible!
The troll is heavily wounded.
You hit the troll.
The troll is heavily wounded.
The troll bites you! The troll claws you! You block the troll's attack.
You hit the troll.
The troll looks as sick as possible!
The troll is almost dead.
The troll bites you!!
* * * LOW HITPOINT WARNING * * *
The troll closely misses you. The troll claws you!
You die...

......#
#.........)###
#.#####
###########'##
#.#
#...))..)...#
..#
#.###########
###
##'###########
#............#
#............#
#............#
#........@...#
#........T...#
#............+
#............#
#............#
#............#
............#
.......>.!.#


You could see a troll (extremely poisoned).

Vanquished Creatures
  Erolcha (D:9)
  Maggie (D:9)
  2 hornets
  6 yaks
  A wyvern (D:8)
  A steam dragon (D:8)
  Menkaure (D:7)
  Edmund (D:5)
  A water moccasin (D:7)
  An orc warrior (D:6)
  An ice beast (D:8)
  2 necrophages
  3 ogres
  2 centaurs (D:7)
  3 phantoms
  2 kobold brigands
  5 bullfrogs
  3 scorpions
  3 wights (D:7)
  6 killer bees (D:9)
  3 centaur zombies
  4 hounds
  A gnoll shaman (D:7)
  2 orc priests
  A bullfrog skeleton (D:5)
  2 jellies
  A scorpion zombie (D:5)
  6 iguanas
  6 orc wizards
  A hound zombie (D:5)
  Robin (D:3)
  A howler monkey zombie (D:9)
  4 gnolls (D:7)
  3 adders
  A shadow imp (D:6)
  2 ufetubi
  An adder zombie (D:3)
  2 worms
  A dart slug (D:5)
  23 orcs
  4 endoplasms
  6 giant cockroaches
  15 goblins
  10 hobgoblins
  2 quokkas
  3 ball pythons
  4 bats (D:2)
  4 frilled lizards
  16 kobolds
  A quokka zombie (D:3)
  4 rats
181 creatures vanquished.

Notes
Turn   | Place    | Note
-------+----------+-------------------------------------------
     0 | D:1      | frimble the Octopode Venom Mage began the quest for the
                  | Orb.
     0 | D:1      | Reached XP level 1. HP: 11/11 MP: 3/3
    60 | D:1      | Found a faded altar of an unknown god.
   335 | D:1      | Reached XP level 2. HP: 17/17 MP: 5/5
   760 | D:1      | Found Kesoyry's Assorted Antiques.
   769 | D:1      | Bought a scroll labelled METARO UDUU for 24 gold pieces
   769 | D:1      | Acquired 1027 gold pieces
   771 | D:1      | Bought a viscous dark potion for 21 gold pieces
   771 | D:1      | Bought a red potion for 21 gold pieces
   771 | D:1      | Bought a scroll labelled PORHAS TONA COVE for 24 gold
                  | pieces
  1015 | D:2      | Reached skill level 1 in Short Blades
  1762 | D:2      | Reached XP level 3. HP: 17/21 MP: 6/6
  2290 | D:3      | Reached skill level 5 in Poison Magic
  2290 | D:3      | Reached XP level 4. HP: 27/27 MP: 7/7
  2641 | D:3      | Reached XP level 5. HP: 21/31 MP: 8/8
  2871 | D:3      | Learned a level 4 spell: Olgreb's Toxic Radiance
  2889 | D:3      | Noticed Robin
  2900 | D:3      | Killed Robin
  2901 | D:3      | Reached skill level 1 in Fighting
  3077 | D:3      | Found a runed translucent gate.
  3077 | D:3      | Found a runed translucent gate.
  3077 | D:3      | Found a runed translucent gate.
  3077 | D:3      | Noticed ytrimaz's ghost (amateur HOFi)
  3081 | D:3      | Found a basalt altar of Yredelemnul.
  3141 | D:3      | Found Xoantoag's Armour Shoppe.
  3340 | D:4      | Noticed an ogre
  3350 | D:4      | Killed an ogre
  3351 | D:4      | Reached XP level 6. HP: 39/39 MP: 9/9
  3753 | D:4      | Reached XP level 7. HP: 40/45 MP: 6/10
  4281 | D:5      | Entered Level 5 of the Dungeon
  4288 | D:5      | Noticed a yak
  4305 | D:5      | Killed a yak
  4478 | D:5      | Noticed a yak
  4478 | D:5      | Noticed a yak
  4479 | D:5      | Noticed a yak
  4481 | D:5      | Noticed a yak
  4504 | D:5      | Noticed a yak
  4505 | D:5      | Killed a yak
  4507 | D:5      | Killed a yak
  4508 | D:5      | Reached XP level 8. HP: 42/50 MP: 3/14
  4541 | D:4      | Killed a yak
  4542 | D:4      | Reached skill level 5 in Evocations
  5152 | D:5      | Noticed Edmund
  5172 | D:5      | Found Cisse's Armour Shop.
  5182 | D:5      | Killed Edmund
  5350 | D:5      | Bought a +2 buckler for 181 gold pieces
  5355 | D:5      | Found a staircase to the Ecumenical Temple.
  5383 | D:5      | Reached skill level 1 in Shields
  5414 | D:5      | Noticed a hornet
  5419 | D:5      | Killed a hornet
  5656 | D:5      | Reached XP level 9. HP: 56/56 MP: 15/15
  5746 | D:5      | Reached skill level 5 in Stealth
  5967 | D:5      | Found a white marble altar of Elyvilon.
  5968 | D:5      | Found a stormy altar of Qazlal.
  7013 | D:6      | Identified the +0 pair of gloves "Dumajo" {Int+3}
  7061 | D:6      | Reached skill level 5 in Fighting
  7198 | D:6      | Reached skill level 1 in Long Blades
  7910 | D:7      | Noticed Menkaure
  7913 | D:7      | Killed Menkaure
  8059 | D:7      | Reached XP level 10. HP: 66/66 MP: 16/16
  8229 | D:7      | Reached skill level 5 in Long Blades
  9507 | D:8      | Found a staircase to the Lair.
  9528 | D:8      | Paralysed by a hornet for 3 turns
  9764 | D:8      | Found Gozag's Platinum Reserve.
  9768 | D:8      | Found an opulent altar of Gozag.
 10512 | D:9      | Noticed Maggie
 10523 | D:9      | Killed Maggie
 10742 | D:9      | Noticed Erolcha
 10751 | D:9      | Killed Erolcha
 10752 | D:9      | Reached skill level 5 in Short Blades
 10941 | D:9      | Slain by a troll

Illustrated notes

Levels and vault maps discovered:
D:1:      amcnicky_arrival_double_pillar, layout_basic, serial_shops,
          nicolae_lakefront_shop, chequers_ecumenical_altar_island
D:2:      layout_basic
D:3:      layout_rooms, nicolae_yredelemnul_ghost_church, serial_shops,
          nicolae_shop_stone, skrybe_limestone_x, minmay_mini_jars, uniq_robin
D:4:      layout_loops_ring
D:5:      layout_basic, chequers_temple_overflow_statue_of_worship,
          minmay_temple_entry_stoned_glass, serial_shops, nicolae_shop_stone,
          minmay_starry_boxes, uniq_edmund
D:6:      wander_river, layout_gridville, minmay_misc_feat_chi
D:7:      layout_basic, uniq_menkaure
D:8:      layout_layer_cave, nicolae_gozag_zags_fifth_avenue, lair_entry_dummy
D:9:      layout_roguey, uniq_maggie, uniq_erica, uniq_erolcha

Skill      XL: |  1  2  3  4  5  6  7  8  9 10 |
---------------+-------------------------------+-----
Poison Magic   | 4 5 6 8 9 |  9.0
Short Blades   | 1 2 5 |  5.1
Fighting       | 2 3 5 |  5.0
Spellcasting   | 4 |  4.0
Evocations     | 4 6 |  6.2
Stealth        | 4 7 9 |  9.2
Shields        | 3 4 |  4.0
Long Blades    | 4 6 |  6.4
Dodging        | |  2.0
Transmutations | |  1.0

Action                   |  1- 3 |  4- 6 |  7- 9 | 10-12 || total
-------------------------+-------+-------+-------+-------++-------
Melee: Unarmed           |     5 |       |       |       ||     5
       Dagger            |    50 |    72 |   166 |    73 ||   361
       Constrict         |    16 |    20 |    19 |     9 ||    64
       Tentacles         |     7 |     8 |    37 |    13 ||    65
       Falchion          |       |       |    14 |    14 ||    28
 Cast: Sting             |     6 |    13 |    13 |     4 ||    36
       Olgreb's Toxic Ra |       |     3 |    21 |     7 ||    31
Evoke: Wand              |       |       |     6 |     8 ||    14
  Use: Scroll            |     3 |     2 |    13 |     2 ||    20
 Stab: Sleeping          |     8 |    13 |     6 |     5 ||    32
       Paralysed         |       |       |     4 |     2 ||     6
Armor: Skin              |     8 |     4 |    11 |     1 ||    24
Dodge: Dodged            |    25 |    36 |    97 |    53 ||   211
Block: Buckler           |       |       |    31 |    25 ||    56

Table legend: (Time is in decaauts)
 A = Elapsed time spent in this place.
 B = Non-inter-level travel time spent in this place.
 C = Inter-level travel time spent in this place.
 D = Time resting spent in this place.
 E = Time spent auto-exploring this place.
 F = Levels seen in this place.
 G = Mean time per level.
                   A        B        C        D        E       F      G
               +--------+--------+--------+--------+--------+-----+--------+
         Total |  10893 |  10664 |    229 |      0 |   9212 |   9 | 1210.3 |
       Dungeon |  10893 |  10664 |    229 |      0 |   9212 |   9 | 1210.3 |
               +--------+--------+--------+--------+--------+-----+--------+

Top non-repeatable levels by time:
     D:5: 2355 daAuts
     D:8: 1580 daAuts
     D:2: 1279 daAuts
     D:4: 1199 daAuts
     D:3: 1066 daAuts
     D:7: 1059 daAuts
     D:1: 970 daAuts
     D:6: 962 daAuts
     D:9: 420 daAuts
